 Dungeon Crawl Stone Soup version 0.16-a0-3467-gfe061fe (webtiles) character file.

77 NewYearsCrawler the Shield-Bearer (level 4, -6/35 HPs)
             Began as a Formicid Fighter on Jan 2, 2015.
             Killed from afar by Sigmund (14 damage)
             ... with a puff of flame
             ... on level 2 of the Dungeon.
             The game lasted 00:02:00 (899 turns).

NewYearsCrawler the Shield-Bearer (Formicid Fighter) Turns: 899, Time: 00:02:00

Health: -6/35      AC:  8    Str: 26    XL:     4   Next: 58%
Magic:  5/5        EV:  8    Int:  8    God:
Gold:   87         SH: 10    Dex: 10    Spells: 0 memorised, 3 levels left

rFire  . . .     SeeInvis +     a - +0 war axe
rCold  . . .     Clarity  .     b - +0 scale mail
rNeg   . . .     SustAb   .     c - +0 shield
rPois  .         Gourm    .     (helmet unavailable)
rElec  .         Spirit   .     (no cloak)
rCorr  .         Warding  .     f - +0 pair of gloves
rMut   .         Stasis   +     (no boots)
MR     .....                    (no amulet)
Stlth  ..........               (no ring)
                                (no ring)

@: mighty, not resistant to hostile enchantments, extremely unstealthy
A: permanent stasis, dig shafts and tunnels, four strong arms, antennae 3
a: Dig, Shaft Self


You were on level 2 of the Dungeon.
You were hungry.

You visited 1 branch of the dungeon, and saw 2 of its levels.

You collected 87 gold pieces.

Inventory:

Hand weapons
 a - a +0 war axe (weapon)
Missiles
 i - 8 tomahawks (quivered)
Armour
 b - a +0 scale mail (worn)
 c - a +0 shield (worn)
 f - a +0 pair of gloves (worn)
Scrolls
 h - a scroll of enchant weapon {unknown}
 j - a scroll of teleportation {unknown}
 l - 2 scrolls of identify {unknown}
Potions
 m - a potion of heal wounds
Comestibles
 d - a bread ration
 g - 2 meat rations


   Skills:
 - Level 3.4 Fighting
 + Level 2.9 Axes
 - Level 3.5 Armour
 + Level 5.1 Shields


You had 3 spell levels left.
You didn't know any spells.

Dungeon Overview and Level Annotations

Branches:
Dungeon (2/15)

Altars:
Elyvilon

Annotations:
D:2 Sigmund


Innate Abilities, Weirdness & Mutations

You are under a permanent stasis effect.
You can dig through walls and to a lower floor.
Your four strong arms can wield two-handed weapons with a shield.
You have a pair of large antennae on your head (SInv).


Message History

You hit Sigmund.
Sigmund is moderately wounded.
You hit the worm but do no damage. You block Sigmund's attack.
The worm bites you.
* * * LOW HITPOINT WARNING * * *
You are too injured to fight recklessly!
You are too injured to fight recklessly!
You are too injured to fight recklessly!
You are too injured to fight recklessly!
You hit Sigmund.
Sigmund is moderately wounded.
You hit the worm.
The worm is lightly wounded.
Sigmund closely misses you.
Drink which item? (? for menu, Esc to quit)
You feel very mighty all of a sudden. The worm barely misses you.
Sigmund points at you and mumbles some strange words.
The puff of flame hits you!
You die...

##(........... .
##.†...####...$....
........####.#...#..
#.......##...#.......
#.......#....(......
##................#
..........##.#...# .##
<>.....†.##..##.###....#
.........##...@.@......#
............###†####..##
>..........## #w#
..........## #..#
.......?††# #..#
..........# #..#
####..##.# #... .....
#.# #...# ..... #.{
....#


You could see Sigmund (invisible) and a worm.

Vanquished Creatures
  3 adders (D:2)
  A giant mite (D:2)
  4 giant geckos
  6 giant cockroaches
  A hobgoblin (D:1)
  4 kobolds
  3 quokkas (D:2)
  A ball python (D:2)
  8 bats
  A giant newt (D:1)
  5 goblins
  6 rats
43 creatures vanquished.

Notes
Turn   | Place    | Note
--------------------------------------------------------------
     0 | D:1      | NewYearsCrawler, the Formicid Fighter, began the quest for the Orb.
     0 | D:1      | Reached XP level 1. HP: 18/18 MP: 1/1
   148 | D:1      | Reached XP level 2. HP: 18/24 MP: 3/3
   259 | D:1      | Reached skill level 4 in Shields
   483 | D:1      | Reached XP level 3. HP: 26/29 MP: 4/4
   685 | D:2      | Found a white marble altar of Elyvilon.
   772 | D:2      | Reached XP level 4. HP: 26/35 MP: 5/5
   862 | D:2      | Reached skill level 5 in Shields
   877 | D:2      | Noticed Sigmund
   899 | D:2      | Killed from afar by Sigmund

Action                   |  1- 3 |  4- 6 || total
-------------------------+-------+-------++-------
Melee: War axe           |   132 |    48 ||   180
  Use: Potion            |       |     4 ||     4
